 Dungeon Crawl Stone Soup version 0.23-b1-70-gd12f7cf (webtiles) character file.

Game seed: 15526920710380285073

1773 Folque the Conjurer (level 9, -1/59 HPs)
             Began as an Octopode Wizard on Feb 6, 2019.
             Was an Initiate of Sif Muna.
             Shot with a sling bullet by Joseph (12 damage)
             ... on level 7 of the Dungeon.
             The game lasted 00:30:28 (8001 turns).

Folque the Conjurer (Octopode Wizard)               Turns: 8001, Time: 00:30:29

Health: -1/59      AC:  1    Str:  6    XL:     9   Next: 7%
Magic:  9/15       EV: 15    Int: 23    God:    Sif Muna [......]
Gold:   305        SH:  0    Dex: 11    Spells: 6/17 levels left

rFire    x . .     SeeInvis .   f - +2 dagger (venom)
rCold    + . .     Gourm    .   (no shield)
rNeg     . . .     Faith    .   a - +0 hat
rPois    .         Spirit   .   (no amulet)
rElec    .         Reflect  .   l - ring of ice
rCorr    .         Harm     .   (no ring)
MR       .....                  (no ring)
Stlth    ++++......             (no ring)
HPRegen  0.19/turn              (no ring)
MPRegen  0.14/turn              (no ring)
                                (no ring)
                                (no ring)

@: no status effects
A: almost no armour, stealthy swim, amphibious, 8 rings, constrict 8, camouflage
1, gelatinous body 1
a: Renounce Religion


You were on level 7 of the Dungeon.
You worshipped Sif Muna.
Sif Muna was noncommittal.
You were not hungry.

You visited 2 branches of the dungeon, and saw 8 of its levels.

You collected 305 gold pieces.

Inventory:

Hand Weapons
 b - a +0 dagger
 d - a +3 dagger
 e - a +0 spear
 f - a +2 dagger of venom (weapon)
 j - a +1 short sword of draining
 t - the +5 hunting sling "Wifato" {flame, *Slow Int+3 Stlth+}
   (You found it on level 5 of the Dungeon)

   It causes projectiles fired from it to burn those they strike, causing extra
   injury to most foes and up to half again as much damage against particularly
   susceptible opponents.
   It affects your intelligence (+3).
   It may slow you when you take damage.
   It makes you more stealthy.
Missiles
 A - 28 sling bullets
Armour
 a - a +0 hat (worn)
Jewellery
 l - a ring of ice (left tentacle)
 r - an uncursed amulet of the gourmand
Wands
 p - a wand of iceblast (9)
 w - a wand of polymorph (2)
 x - a wand of random effects (16)
Scrolls
 h - a scroll of immolation {unknown}
 i - 4 scrolls of teleportation {unknown}
 k - 3 scrolls of remove curse
 n - 2 scrolls of magic mapping {unknown}
 s - a scroll of identify
 v - 2 scrolls of fog {unknown}
 y - a scroll of silence {unknown}
 B - a scroll of enchant armour {unknown}
Potions
 g - a potion of lignification {unknown}
 m - 2 potions of curing {unknown}
 o - 2 potions of degeneration {unknown}
 q - a potion of might {unknown}
 u - a potion of cancellation {unknown}
 z - a potion of mutation {unknown}
 C - a potion of haste {unknown}
Comestibles
 c - 6 rations
 D - a chunk of flesh


   Skills:
 - Level 4.5 Fighting
 - Level 6.0 Dodging
 - Level 5.3 Stealth
 * Level 4.5 Spellcasting
 - Level 6.0 Conjurations
 - Level 1.0 Summonings
 - Level 1.0 Translocations
 - Level 2.2 Fire Magic
 - Level 1.1 Air Magic
 - Level 2.0 Poison Magic


You had 6 spell levels left.
You knew the following spells:

 Your Spells              Type           Power        Failure   Level  Hunger
a - Magic Dart            Conj           ####         1%          1    None
b - Call Imp              Summ           #.......     10%         2    None
c - Blink                 Tloc           N/A          10%         2    None
d - Mephitic Cloud        Conj/Pois/Air  ###.....     9%          3    ##.....
e - Conjure Flame         Conj/Fire      ###.....     5%          3    ##.....

Your spell library contained the following spells:

 Spells                   Type           Power        Failure   Level  Hunger
 Slow                     Hex            #.......     16%         2    None


Dungeon Overview and Level Annotations

Branches:
Dungeon (7/15)             Temple (1/1) D:4

Altars:
Ashenzari
Dithmenos
Elyvilon
Fedhas
Gozag
Hepliaklqana
Kikubaaqudgha
Makhleb
Nemelex Xobeh
Qazlal
Ru
Sif Muna
Trog
Uskayaw
Xom
Yredelemnul
Zin
The Shining One

Shops:
D:4 (

Annotations:
D:4 2 transporters, Grinder; bosm's ghost, novice KoHu
D:7 Joseph


Innate Abilities, Weirdness & Mutations

You cannot wear most types of armour.
You are very stealthy in the water. (Stealth+)
You are amphibious.
You can wear up to eight rings at the same time.
You can use your tentacles to constrict eight enemies at once.
Your skin changes colour to match your surroundings (Stealth+).
Your rubbery body absorbs attacks. (AC +1, EV +1)


Message History

A beastly little devil appears in a puff of frigid air.
Joseph hits you with a +0 quarterstaff!
Casting: Call Imp (safe; 10% risk of failure)
Confirm with . or Enter, or press ? or * to list all spells.
A beastly little devil appears in a puff of flame.
Joseph hits you with a +0 quarterstaff!
* * * LOW HITPOINT WARNING * * *
Your white imp gestures at Joseph.
The puff of frost hits Joseph!
You swap places.
Something misses your crimson imp.
Casting: Call Imp (safe; 10% risk of failure)
Confirm with . or Enter, or press ? or * to list all spells.
Aiming: Conjure Flame (safe; 5% risk of failure)
Press: ? - help, Dir - move target cursor The fire ignites!
Joseph is engulfed in blazing flames.
Joseph unwields a +0 quarterstaff.
Joseph wields a +0 hunting sling.
Joseph shoots a sling bullet.
The sling bullet barely misses your crimson imp.
The sling bullet hits you!
You die...

#..# #.......# #.<# #......
## #÷.# #....# ...### #..#
#.@..# ......##..# ###@###
.......†..# ###.....#
..........######.5###......
............##..### ###....
.............@.## #..
...............# #
..(..5........##
.............##
............## ..........##
........## ......### ...##


You could see Joseph and a friendly crimson imp.

Vanquished Creatures
  Eustachio (D:4)
  2 phantoms
  3 ogres
  2 bullfrogs (D:6)
  2 scorpions
  2 howler monkeys
  A centaur zombie (D:5)
  A hound (D:4)
  An orc wizard (D:4)
  A bullfrog skeleton (D:6)
  Natasha (thrice) (D:4)
  An iguana (D:4)
  3 worker ants
  5 adders
  A shadow imp (D:7)
  An ooze (D:1)
  An adder skeleton (D:4)
  3 dart slugs
  5 leopard geckos
  2 orcs (D:4)
  5 bats
  5 giant cockroaches
  5 goblins
  6 hobgoblins
  11 jackals
  3 quokkas
  3 ball pythons
  5 frilled lizards
  6 kobolds
  3 rats
93 creatures vanquished.

Vanquished Creatures (collateral kills)
  A two-headed ogre (D:5)
  A howler monkey (D:4)
  A quasit (D:4)
  A jelly (D:5)
  A worker ant (D:4)
  3 iguanas
  3 gnolls (D:5)
  3 adders
  2 worms
  An orc (D:6)
  A goblin (D:3)
  A hobgoblin (D:1)
  A jackal (D:2)
  A ball python (D:4)
  A rat (D:2)
22 creatures vanquished.

Grand Total: 115 creatures vanquished

Notes
Turn   | Place    | Note
-------+----------+-------------------------------------------
     0 | D:1      | Folque the Octopode Wizard began the quest for the Orb.
     0 | D:1      | Reached XP level 1. HP: 11/11 MP: 4/4
   360 | D:1      | Reached skill level 1 in Fighting
   365 | D:1      | Reached XP level 2. HP: 8/18 MP: 6/6
   546 | D:1      | Learned a level 2 spell: Call Imp
   549 | D:1      | Learned a level 2 spell: Blink
   669 | D:1      | Reached XP level 3. HP: 7/24 MP: 4/7
   675 | D:1      | Learned a level 3 spell: Mephitic Cloud
  1116 | D:1      | Reached skill level 1 in Poison Magic
  1698 | D:2      | Reached XP level 4. HP: 25/29 MP: 9/9
  2626 | D:3      | Found a shattered altar of Ashenzari.
  2626 | D:3      | Found a faded altar of an unknown god.
  2631 | D:3      | Found a blossoming altar of Fedhas.
  2633 | D:3      | Found a faded altar of an unknown god.
  2634 | D:3      | Found a shimmering altar of Xom.
  2736 | D:3      | Reached skill level 1 in Air Magic
  3556 | D:4      | Reached XP level 5. HP: 34/34 MP: 6/11
  3567 | D:4      | Learned a level 3 spell: Conjure Flame
  3597 | D:4      | Found Gyliojutz's Weapon Shoppe.
  3601 | D:4      | Noticed Grinder
  3650 | D:4      | Paralysed by Grinder for 6 turns
  3658 | D:5      | Entered Level 5 of the Dungeon
  4129 | D:5      | Noticed a two-headed ogre
  4130 | D:5      | Reached skill level 1 in Fire Magic
  4314 | D:5      | Reached XP level 6. HP: 29/39 MP: 5/12
  4363 | D:5      | Got a crude hunting sling
  4381 | D:5      | Noticed a phantom
  4592 | D:5      | Killed a phantom
  4592 | D:5      | Reached skill level 5 in Stealth
  4592 | D:5      | Reached XP level 7. HP: 10/45 MP: 0/13
  4876 | D:4      | Found a transporter.
  4877 | D:4      | Noticed Eustachio
  4878 | D:4      | Noticed bosm's ghost (novice KoHu)
  4878 | D:4      | Noticed Natasha
  5569 | D:4      | Killed Eustachio
  5569 | D:4      | Reached XP level 8. HP: 7/52 MP: 1/14
  5579 | D:4      | You fall through a shaft for 2 floors!
  5963 | D:5      | Killed a two-headed ogre
  5963 | D:5      | Reached skill level 5 in Dodging
  6301 | D:4      | Found a staircase to the Ecumenical Temple.
  6312 | Temple   | Entered the Ecumenical Temple
  6381 | Temple   | Became a worshipper of Sif Muna the Loreminder
  6484 | D:4      | Paralysed by Grinder for 3 turns
  6699 | D:4      | Reached skill level 5 in Conjurations
  6706 | D:4      | Killed Natasha
  6785 | D:4      | Noticed Natasha
  6794 | D:4      | Killed Natasha
  6827 | D:4      | Found a transporter.
  6855 | D:4      | Noticed Natasha
  6870 | D:4      | Killed Natasha
  6923 | D:4      | Paralysed by Grinder for 7 turns
  7284 | D:6      | Reached XP level 9. HP: 52/59 MP: 15/15
  7376 | D:6      | Found a white marble altar of Elyvilon.
  7550 | D:3      | Identified the +5 hunting sling "Wifato" {flame, *Slow
                  | Int+3 Stlth+} (You found it on level 5 of the Dungeon)
  7990 | D:7      | Noticed Joseph
  8001 | D:7      | Shot with a sling bullet by Joseph

Skill      XL: |  1  2  3  4  5  6  7  8  9 |
---------------+----------------------------+-----
Fighting       | 1 2 3 4 |  4.5
Stealth        | 3 5 |  5.3
Poison Magic   | 2 |  2.0
Air Magic      | 1 |  1.1
Spellcasting   | 4 |  4.5
Conjurations   | 2 4 5 6 |  6.0
Fire Magic     | 1 2 |  2.2
Dodging        | 3 4 5 6 |  6.0
Summonings     | |  1.0
Translocations | |  1.0

Action                   |  1- 3 |  4- 6 |  7- 9 || total
-------------------------+-------+-------+-------++-------
Melee: Dagger            |    82 |    93 |   111 ||   286
       Constrict         |    23 |    20 |    22 ||    65
       Tentacles         |     9 |    11 |    18 ||    38
       Spear             |       |       |     6 ||     6
 Fire: Hunting sling     |       |       |     4 ||     4
 Cast: Magic Dart        |     6 |    34 |    24 ||    64
       Call Imp          |     3 |    23 |    43 ||    69
       Conjure Flame     |       |     4 |    13 ||    17
       Mephitic Cloud    |       |     4 |    17 ||    21
       Blink             |       |     1 |     6 ||     7
  Use: Scroll            |       |     1 |     3 ||     4
       Potion            |       |       |     3 ||     3
 Stab: Sleeping          |    10 |     7 |     5 ||    22
       Confused          |       |     1 |     4 ||     5
       Invisible         |       |       |     1 ||     1
  Eat: Chunk             |     3 |     9 |     7 ||    19
       Ration            |       |       |     2 ||     2
Armor: Skin              |     6 |     5 |     3 ||    14
Dodge: Dodged            |    52 |    57 |    84 ||   193
